 Dungeon Crawl Stone Soup version 0.31.0-9-g3a7656b989 (webtiles) character file.

Game seed: 6907936552910510864

58 qw the Shooter (level 3, -3/20 HPs)
             Began as a Deep Elf Hunter on Feb 2, 2024.
             Slain by Sigmund
             ... wielding a +0 scythe
              (8 damage)
             ... on level 2 of the Dungeon.
             The game lasted 00:00:05 (1465 turns).

qw the Shooter (Deep Elf Hunter)                    Turns: 1465, Time: 00:00:06

Health: -3/20      AC:  6    Str: 10    XL:     3   Next: 75%
Magic:  5/5        EV: 11    Int: 13    God:
Gold:   94         SH:  0    Dex: 18    Spells: 2/2 levels left

rFire   . . .        a - +0 shortbow
rCold   . . .        (shield currently unavailable)
rNeg    . . .        i - +0 ring mail
rPois   .            (no helmet)
rElec   .            (no cloak)
rCorr   .            f - +0 pair of gloves
SInv    .            (no boots)
Will    .....        (no amulet)
Stlth   +            (no ring)
HPRegen 0.23/turn    (no ring)
MPRegen 0.09/turn

%: no passive effects
@: no status effects
A: no striking features
a: no special abilities


You were on level 2 of the Dungeon.
You visited 1 branch of the dungeon, and saw 2 of its levels.

You collected 94 gold pieces.


   Skills:
 - Level 1.5 Fighting
 + Level 7.2 Ranged Weapons
 - Level 2.4 Dodging
 - Level 1.2 Stealth


You had 2 spell levels left.
You didn't know any spells.
Your spell library was empty.

Inventory:

Hand Weapons
 a - a +0 shortbow (weapon)
Armour
 f - a +0 pair of gloves (worn)
 i - a +0 ring mail (worn)
Scrolls
 b - a scroll of teleportation
Potions
 c - a potion of curing {unknown}
 d - 2 potions of invisibility {unknown}

Dungeon Overview and Level Annotations

Branches:
Dungeon (2/15)

Altars:

Annotations:
D:2 Sigmund


Message History

There is an open door here.
Sigmund the Dreaded comes into view.
He is wielding a +0 scythe.
Sigmund shouts!
You shoot an arrow.
The arrow hits Sigmund but does no damage.
Sigmund gestures at you while chanting. The magic dart hits you!
1444 ||| FLEEEEING.
Sigmund gestures at you while chanting. The magic dart hits you.
1445 ||| FLEEEEING.
1446 ||| FLEEEEING.
There is an open door here.
1447 ||| FLEEEEING.
1448 ||| FLEEEEING.
1449 ||| FLEEEEING.
1450 ||| FLEEEEING.
1451 ||| FLEEEEING.
There is an open door here.
You start resting.
Sigmund is nearby!
You shoot an arrow. The arrow hits Sigmund!
Sigmund is moderately wounded.
Sigmund closely misses you.
You shoot an arrow. The arrow barely misses Sigmund.
Sigmund gestures wildly while chanting.
Sigmund flickers and vanishes!
Deactivating autopickup; reactivate with Ctrl-A.
You shoot an arrow. Something hits you but does no damage.
You shoot an arrow. You shoot an arrow. Something hits you.
You shoot an arrow. Something hits you!
You shoot an arrow. Something hits you but does no damage.
You shoot an arrow. Something hits you!
You die...

.....#.#.#...# ..#.##.#####.#.
........<#...# #.#.##.#...#...
####.#..##...######@#.##.#.<.#...
.).#...........##.#.##.#...#...
### #####.#####.##.#.##.#._.#.#.
..... #.##'#.##)#...#.#. ####.#.
#.#....##.#####.#. .
#.#....##.........
#@#....##..###.... ##{..#.##..#
##### #...#.##.## ###8#
#...#.#..# #.... #...#....##
#.... #.#.#.....# #....
#.#....#..# #.#.. #.#..###..#
#.#8. #.#..# #..# #.###


There were no monsters in sight!

Vanquished Creatures
  2 adders (D:2)
  2 ribbon worms (D:2)
  A ball python (D:2)
  5 bats
  3 endoplasms (D:2)
  3 giant cockroaches
  3 goblins
  A hobgoblin (D:2)
  3 jackals (D:1)
  4 kobolds
  A quokka (D:1)
  A frilled lizard (D:1)
  3 rats
32 creatures vanquished.

Notes
Turn   | Place    | Note
-------+----------+-------------------------------------------
     0 | D:1      | qw the Deep Elf Hunter began the quest for the Orb.
     0 | D:1      | Reached XP level 1. HP: 12/12 MP: 3/3
     0 | D:1      | 0 ||| qw: Version: 0.3-a-155-g5e7d8dd
     0 | D:1      | 0 ||| qw: Game counter: 1149
     0 | D:1      | 0 ||| qw: Melee chars always use a shield: true
     0 | D:1      | 0 ||| qw: God list: Okawaru
     0 | D:1      | 0 ||| qw: Allow faded altars: false
     0 | D:1      | 0 ||| qw: Do Orc after clearing Dungeon:15 true
     0 | D:1      | 0 ||| qw: Do second Lair branch before Depths: true
     0 | D:1      | 0 ||| qw: Lair rune preference: random
     0 | D:1      | 0 ||| qw: Goals: Normal
     0 | D:1      | 0 ||| PLANNING D:1-11
   305 | D:1      | Reached XP level 2. HP: 16/16 MP: 4/4
   329 | D:1      | Reached skill level 6 in Ranged Weapons
   677 | D:1      | 677 ||| UPGRADING to +0 pair of gloves.
   682 | D:1      | 682 ||| UPGRADING to +0 ring mail.
   692 | D:1      | 692 ||| DROPPING +0 leather armour.
   693 | D:1      | 693 ||| READING scroll labelled REGEQIREZA.
   696 | D:1      | 696 ||| READING scroll labelled YTOJEE OGOE.
   696 | D:1      | 696 ||| IDENTIFYING scroll labelled CIPPUE ECLECU
   697 | D:1      | 697 ||| READING 2 scrolls labelled VUEGHUHE RAEQO.
   698 | D:1      | 698 ||| DROPPING scroll of butterflies.
   699 | D:1      | 699 ||| DROPPING scroll of fog.
   700 | D:1      | 700 ||| DROPPING scroll of revelation.
   711 | D:2      | Found a faded altar of an unknown god.
   764 | D:2      | HP: 4/16 [poisoned by an adder]
   830 | D:2      | Reached XP level 3. HP: 20/20 MP: 5/5
  1245 | D:2      | Reached skill level 7 in Ranged Weapons
  1442 | D:2      | Noticed Sigmund
  1444 | D:2      | 1444 ||| FLEEEEING.
  1445 | D:2      | 1445 ||| FLEEEEING.
  1446 | D:2      | 1446 ||| FLEEEEING.
  1447 | D:2      | 1447 ||| FLEEEEING.
  1448 | D:2      | 1448 ||| FLEEEEING.
  1449 | D:2      | 1449 ||| FLEEEEING.
  1450 | D:2      | 1450 ||| FLEEEEING.
  1451 | D:2      | 1451 ||| FLEEEEING.
  1463 | D:2      | HP: 4/20 [something (8)]
  1465 | D:2      | Slain by Sigmund

Levels and vault maps discovered:
D:1:      saegor_arrival_fortress, layout_basic, serial_bayou_pond_d,
          nrook_mini_backslash
D:2:      layout_basic, serial_corexii_hall, chequers_hall_statues_y,
          chequers_hall_statues_y, corexii_hall_statues_u,
          corexii_hall_statues_s, nicolae_ecumenical_oubliette,
          minmay_misc_feat_encased, uniq_sigmund

Skill      XL: |  1  2  3 |
---------------+----------+-----
Ranged Weapons | 6 7 |  7.2
Fighting       | |  1.5
Dodging        | |  2.4
Stealth        | |  1.2

Action                     || total
---------------------------++-------
   Fire: Shortbow          ||   120
    Use: Scroll            ||     3
 Armour: Leather armour    ||     8
         Ring mail         ||    27
  Dodge: Dodged            ||    45

Table legend:
 A = Non-vault XP
 B = Vault XP
 C = Vault XP percentage of total XP
 D = Non-vault monster count
 E = Vault monster count
 F = Vault count percentage of total count
                 A         B        C        D         E       F
            +---------+---------+-------+---------+---------+-------
      Total |      83 |       0 |   0.0 |      32 |       0 |   0.0
            +---------+---------+-------+---------+---------+-------
        D:1 |      22 |       0 |   0.0 |      13 |       0 |   0.0
        D:2 |      61 |       0 |   0.0 |      19 |       0 |   0.0
            +---------+---------+-------+---------+---------+-------
